 Dungeon Crawl Stone Soup version 0.16-a0-791-gf1c67de (webtiles) character file.

98900 Kashira the Eclecticist (level 15, 0/66 HPs)
             Began as a Felid Ice Elementalist on Sept 27, 2014.
             Was a High Priest of Kikubaaqudgha.
             Slain by a shadow wraith (4 damage)
             ... on Level 1 of the Vaults on Sept 28, 2014.
             The game lasted 06:21:58 (79957 turns).

Kashira the Eclecticist (Felid Ice Elementalist)   Turns: 79957, Time: 06:21:59

HP   0/66        AC 15     Str  7 (8)  XL: 15   Next: 39%
MP   0/41        EV 27     Int 18 (19) God: Kikubaaqudgha [*****.]
Gold 1703        SH  0     Dex 14      Spells: 12 memorised, 13 levels left
Lives: 0, deaths: 4

rFire  . . .     SeeInvis +     (weapon unavailable)
rCold  + + .     Clarity  .     (armour unavailable)
rNeg   . . .     rCorr    .     (shield unavailable)
rPois  +         rRot     .     (helmet unavailable)
rElec  .         Spirit   +     (cloak unavailable)
SustAb .         Warding  .     (gloves unavailable)
rMut   .         Stasis   .     (boots unavailable)
Gourm  .                        u - amulet of guardian spirit
MR     ++...                    H - ring of poison resistance
                                P - ring of Xusuckul {AC+6 Stlth+}

@: slowed, repel missiles, slow, very resistant to hostile enchantments,
stealthy
A: paw claws, no armour, no weapons or thrown items, antennae 1, fangs 3, rough
black scales 1, yellow scales 1, see invisible, carnivore 3, clumsy 1, cold
resistance 1, deformed body, deterioration 1, speed 1, shaggy fur 3, slow
metabolism 1, spit poison 2, jump 3, no device heal 1
a: Jump Attack, Spit Poison, Receive Corpses, Torment, Renounce Religion
}: 1/15 runes: decaying


You were on level 1 of the Vaults.
You worshipped Kikubaaqudgha.
Kikubaaqudgha was extremely pleased with you.
You were full.

You visited 7 branches of the dungeon, and saw 37 of its levels.
You visited 1 bazaar.
You also visited: Labyrinth, Ossuary and Ice Cave.

You collected 3785 gold pieces.
You spent 2082 gold pieces at shops.

Inventory:

Magical devices
 g - a wand of heal wounds (4)
 h - a wand of hasting (0)
 q - a wand of slowing (9)
 A - a wand of confusion (2)
 C - a wand of cold (2)
 I - a wand of disintegration (10)
 O - a wand of frost (10)
 Q - a wand of invisibility (4)
 R - a wand of heal wounds (1)
 S - a wand of enslavement (12) {unknown}
 U - a wand of disintegration (2)
Comestibles
 f - 13 royal jellies
 s - 17 meat rations
 L - 2 slices of pizza
Scrolls
 a - 2 scrolls of fog
 d - a scroll of magic mapping
 j - 2 scrolls of amnesia
 l - a scroll of blinking
 o - 2 scrolls of remove curse
 r - 3 scrolls of teleportation
 t - a scroll of vulnerability
 y - 9 scrolls of identify
 B - 6 scrolls of fear
Jewellery
 b - an uncursed ring of stealth
 c - an uncursed amulet of resist corrosion
 i - an uncursed amulet of resist mutation
 u - an amulet of guardian spirit (around neck)
 v - the ring "Wizuer" {rC+ EV+2 Slay+4}
   (You bought it in a shop on level 13 of the Dungeon)

   [ring of evasion]

   It affects your evasion (+2).
   It affects your accuracy and damage with ranged weapons and melee attacks
   (+4).
   It protects you from cold.
 x - a cursed ring of teleport control {unknown}
 F - an uncursed ring of protection from fire
 G - an uncursed ring of ice
 H - a ring of poison resistance (right paw)
 J - the ring "Biumel" {Fire rElec}
   (You acquired it on level 4 of the Swamp)

   [ring of fire]

   It enhances your fire magic, and weakens your ice magic.
   It protects you from fire.
   It makes you vulnerable to cold.
   It insulates you from electricity.
 P - the ring of Xusuckul (left paw) {AC+6 Stlth+}
   (You found it on level 8 of the Lair of Beasts)

   [ring of protection]

   It affects your AC (+6).
   It makes you more stealthy.
 Y - an uncursed ring of protection from magic
Potions
 k - 19 potions of curing
 m - 2 potions of haste
 n - 3 potions of agility
 w - 4 potions of resistance
 z - 6 potions of brilliance
 D - a potion of flight
 E - 3 potions of heal wounds
 Z - a potion of magic
Books
 e - a book of Hinderance

   Spells                             Type                      Level
   Confusing Touch                    Hexes                        2
   Confuse                            Hexes                        3
   Petrify                            Transmutation/Earth          4
   Leda's Liquefaction                Hexes/Earth                  4
   Metabolic Englaciation             Hexes/Ice                    5
   Summon Mana Viper                  Hexes/Summoning              5
 p - a book of Minor Magic

   Spells                             Type                      Level
   Magic Dart                         Conjuration                  1
   Blink                              Translocation                2
   Call Imp                           Summoning                    2
   *Repel Missiles                    Charms/Air                   2
   Slow                               Hexes                        2
   Conjure Flame                      Conjuration/Fire             3
   *Mephitic Cloud                    Conjuration/Poison/Air       3
 M - a book of Transfigurations

   Spells                             Type                      Level
   Stoneskin                          Transmutation/Earth          2
   Ice Form                           Ice/Transmutation            4
   Statue Form                        Transmutation/Earth          6
   Dragon Form                        Transmutation                7
 T - a book of Annihilations {highlevel, unknown}

   This book is beyond your current level of understanding.

   Spells                             Type                      Level
   Poison Arrow                       Conjuration/Poison           6
   Chain Lightning                    Conjuration/Air              8
   Lehudib's Crystal Spear            Conjuration/Earth            8
   Glaciate                           Conjuration/Ice              9
   Fire Storm                         Conjuration/Fire             9
Miscellaneous
 K - a lantern of shadows
 N - a lamp of fire


   Skills:
 - Level 8.3 Fighting
 - Level 14.2 Dodging
 - Level 3.0 Stealth
 + Level 19.6 Spellcasting
 - Level 6.0 Conjurations
 - Level 1.4 Charms
 - Level 13.6 Necromancy
 - Level 9.9 Ice Magic
 - Level 0.8 Evocations


You had 13 spell levels left.
You knew the following spells:

 Your Spells              Type           Power        Failure   Level  Hunger
a - Freeze                Ice            ####         1%          1    None
b - Throw Frost           Conj/Ice       #####.       1%          2    None
c - Ozocubu's Armour      Chrm/Ice       #####...     1%          3    None
d - Condensation Shield   Ice            ######....   1%          4    None
e - Throw Icicle          Conj/Ice       #####...     1%          4    None
f - Control Undead        Necr           ######....   1%          4    None
g - Twisted Resurrection  Necr           ######....   1%          5    None
h - Bolt of Draining      Conj/Necr      ######....   1%          5    None
i - Simulacrum            Ice/Necr       ######....   4%          6    ####...
j - Animate Skeleton      Necr           N/A          0%          1    None
k - Mephitic Cloud        Conj/Pois/Air  ###.....     4%          3    None
l - Repel Missiles        Chrm/Air       ###...       3%          2    None


Dungeon Overview and Level Annotations

Branches:
Dungeon (15/15)            Temple (1/1) D:5             Orc (4/4) D:10
    Elf (0/3) Orc:3          Lair (8/8) D:8           Swamp (5/5) Lair:3
  Snake (3/5) Lair:6        Slime (0/6) Lair:6       Vaults (1/5) D:13
 Depths (0/5) D:15

Altars:
Ashenzari
Cheibriados
Dithmenos
Elyvilon
Fedhas
Gozag
Kikubaaqudgha
Makhleb
Nemelex Xobeh
Okawaru
Qazlal
Ru
Sif Muna
Trog
Vehumet
Xom
Yredelemnul
Zin
The Shining One

Shops:
D:4 (   D:6 %   D:13 [=%   Orc:4 !}*?*   Vaults:1 **:[%

Annotations:
D:3 Sigmund
D:15 Azrael
Snake:2 Vashnia


Innate Abilities, Weirdness & Mutations

You cannot wear armour.
You are incapable of wielding weapons or throwing items.
Your paws have sharp claws.
You have razor-sharp teeth.
You have supernaturally acute eyesight.
You are carnivorous and can eat meat at any time.
You cover ground quickly.
Your thick and shaggy fur keeps you warm (AC +3, rC+).
You have a slow metabolism.
You can jump attack at a long distance.
You have a pair of small antennae on your head.
You are partially covered in rough black scales (AC +4, Dex -1).
You are partially covered in yellow scales (AC +2).
You are clumsy. (Dex -2)
Your flesh is cold resistant.
Your body is misshapen.
Your body is slowly deteriorating.
You can spit moderately strong poison.
Potions and wands are less effective at restoring your health.


Message History

The shadow wraith drains your vigor!
You feel as though you will be slow longer.
Eat which item? (? for menu, Esc to quit)
Okay, then.
Drink which item? (? for menu, Esc to quit)
You can't drink that!
Unknown command.
Drink which item? (? for menu, Esc to quit)
You feel much better.
The shadow wraith completely misses you.
Your icy armour starts to melt.
The shadow wraith completely misses you.
Found a stone staircase leading down.
Your icy armour evaporates.
The shadow wraith hits you!!
* * * LOW HITPOINT WARNING * * *
The shadow wraith drains your vigor!
You feel as though you will be slow longer.
You die...
Kikubaaqudgha rasps: "You have failed me!
Welcome... death!"

.Z.#......#......# #.....
.ZZ#......#......# #.....
##Z########......################
...Z.............................
....Z............................
..)..............................
.......).........................
###..Z....#############..........
#..Z....#....W@.....#..........
#.......#.##..>..##.#..........
#.......#..##...##..###########
#.......#...##.##...#..........
#.....Z.#....###....'..........
#....Z..#...##.##...#..........
###....Z.Z#..##...##..#..........
..........#.##.....##.#..........
.........Z#.......)))Z#..........


You could see a shadow wraith (invisible).

Vanquished Creatures
  Frances (Swamp:4)
  Roxanne (Snake:2)
  Maud (Lair:7)
  An orc warlord (Orc:4)
  Snorg (Orc:4)
  A yaktaur captain (D:15)
  A great orb of eyes (Vaults:1)
  10 hydras
  A minotaur (Lab)
  2 naga warriors (Snake:1)
  4 alligators
  4 centaur warriors
  2 ogre magi (Vaults:1)
  A tengu warrior (D:15)
  A deep troll shaman (Lair:8)
  An orc high priest (Orc:4)
  A naga sharpshooter (Snake:2)
  4 death yaks
  2 shock serpents (Snake:2)
  A catoblepas (D:13)
  An unseen horror (shapeshifter) (Vaults:1)
  An orb spider (shapeshifter) (D:12)
  An unseen horror (D:13)
  6 hill giants
  An orc sorcerer (Orc:4)
  4 griffons
  3 orc knights (Vaults:1)
  An ironbrand convoker (Vaults:1)
  3 mana vipers (Snake:2)
  A red wasp (Vaults:1)
  4 cyclopes
  A wizard (Vaults:1)
  3 wolf spiders (Vaults:1)
  An elephant (Lair:8)
  15 ugly things
  2 naga magi
  A guardian serpent (Snake:3)
  5 black mambas
  2 vault sentinels (Vaults:1)
  A gargoyle (D:12)
  A torpor snail (Lair:7)
  16 spiny frogs
  2 yaktaurs
  3 kobold demonologists
  10 komodo dragons
  A feature mimic (Lair:4)
  A wandering mushroom (Lab)
  A merfolk (D:14)
  4 trolls
  5 polar bears (IceCv)
  Sonja (Swamp:1)
  A giant leech (Swamp:1)
  A two-headed ogre (D:8)
  3 baby alligators
  3 bog bodies
  4 ravens
  8 slime creatures
  17 blink frogs
  2 shadows
  5 deep elf magi
  A trapdoor spider (D:15)
  A frost giant simulacrum (Vaults:1)
  A basilisk (Lair:5)
  4 wyverns
  3 spriggans (Swamp:3)
  2 fire elementals (D:15)
  26 yaks
  Eustachio (D:4)
  3 wraiths
  8 hippogriffs
  3 wargs
  A steam dragon (D:13)
  4 deep elf fighters (Vaults:1)
  7 vampire mosquitoes
  20 swamp worms
  2 hill giant skeletons
  4 nagas
  Menkaure (Ossuary)
  20 wolves
  2 mottled dragons
  24 orc warriors
  6 sky beasts
  7 porcupines
  3 soldier ants
  7 swamp drakes
  15 water moccasins
  4 black bears
  An ice beast (D:8)
  2 necrophages
  10 ogres
  5 yellow wasps
  8 centaurs
  2 phantoms
  3 boring beetles
  6 big kobolds
  10 crocodiles
  A brain worm (Lair:7)
  A cyclops zombie (D:14)
  3 insubstantial wisps
  20 giant frogs
  A wyvern zombie (D:10)
  A yaktaur skeleton (D:14)
  An eye of draining (D:13)
  6 scorpions
  33 killer bees
  7 wights
  An electric eel (Lair:3)
  3 goliath beetles
  A centaur zombie (D:6)
  9 crimson imps
  An elf zombie (D:13)
  A giant frog skeleton (D:5)
  15 hounds
  A jelly (D:11)
  24 orc wizards
  3 quasits
  29 orc priests
  9 worker ants
  13 iguanas
  10 sheep
  A hound zombie (D:9)
  A big kobold skeleton (D:8)
  Terence (D:3)
  A hound skeleton (D:8)
  2 mummies (Ossuary)
  A worker ant zombie (D:11)
  35 adders
  43 green rats
  3 gnolls (D:10)
  2 giant mites
  3 shadow imps
  8 worms
  4 giant geckos
  An ooze (D:3)
  161 orcs
  2 bat skeletons
  5 giant cockroaches
  2 gnoll zombies (Ossuary)
  15 hobgoblins
  4 jackals (D:3)
  52 kobolds
  13 quokkas
  12 bats
  9 giant newts
  4 giant spores
  4 gnoll skeletons (Ossuary)
  25 goblins
  2 goblin skeletons
  3 goblin zombies (Ossuary)
  2 hobgoblin skeletons (Ossuary)
  2 hobgoblin zombies (Ossuary)
  2 kobold skeletons
  7 orc skeletons
  6 orc zombies
  7 rats
  3 rat skeletons
  3 rat zombies (Ossuary)
  9 ballistomycetes
  A macabre mass (IceCv)
1069 creatures vanquished.

Vanquished Creatures (collateral kills)
  Saint Roka (Swamp:4)
  the Lernaean hydra (Swamp:5)
  Asterion (Swamp:3)
  3 thorn hunters
  A greater naga (Snake:1)
  The ghost of JacquesDerrida the Martial Artist, a mighty DsTm of Ru (Vaults:1)
  Donald (Swamp:4)
  A vault warden (Vaults:1)
  Aizul (Swamp:2)
  A frost giant (Vaults:1)
  The ghost of Conn321 the Thaumaturge, a powerful GrFE of Vehumet (Lair:7)
  3 centaur warriors
  2 yaktaur captains (Vaults:1)
  4 vault guards (D:13)
  An anaconda (Snake:1)
  Fannar (Orc:2)
  An ironheart preserver (Vaults:1)
  2 naga warriors
  21 hydras
  A shambling mangrove (Swamp:2)
  2 alligators
  3 ogre magi (Vaults:1)
  6 death yaks
  A fire crab (shapeshifter) (Vaults:1)
  3 naga sharpshooters
  Nergalle (D:14)
  A shock serpent (Snake:2)
  5 orc high priests
  A catoblepas (Lair:8)
  3 skeletal warriors (D:14)
  An unseen horror (D:15)
  A deep elf knight (Vaults:1)
  A spriggan druid (Swamp:3)
  A naga ritualist (Snake:1)
  12 swamp dragons
  6 orc knights (Orc:4)
  2 orc sorcerers
  2 wolf spider zombies (Vaults:1)
  2 griffons
  An oklob plant (Lair:8)
  2 mana vipers (Snake:1)
  2 cyclopes
  8 ugly things
  A phantasmal warrior (Vaults:1)
  A manticore (D:13)
  3 vault sentinels (Vaults:1)
  2 red wasps (Swamp:2)
  8 elephants
  7 black mambas
  A centaur zombie (D:11)
  A gargoyle (D:12)
  5 naga magi
  6 spiny frogs
  2 yaktaurs (Vaults:1)
  A feature mimic (D:11)
  2 komodo dragons
  A red devil (Orc:4)
  A kobold demonologist (D:14)
  A fire drake (Snake:1)
  2 freezing wraiths
  2 polar bears (IceCv)
  3 giant leeches
  A hydra skeleton (Swamp:5)
  3 ravens (Swamp:2)
  2 trolls
  14 blink frogs
  14 bog bodies
  8 slime creatures
  A baby alligator (Swamp:2)
  A queen bee (Lair:2)
  An alligator zombie (Swamp:5)
  A human skeleton (Vaults:1)
  20 yaks
  A fire elemental (D:15)
  2 deep elf magi
  3 shadows
  A hill giant zombie (Vaults:1)
  An elf zombie (D:13)
  A black mamba skeleton (Snake:2)
  4 hippogriffs
  10 vampire mosquitoes
  10 water moccasins
  19 swamp worms
  22 wolves
  5 wargs
  9 nagas
  2 porcupines
  2 hell hounds (D:15)
  3 human zombies (Vaults:1)
  A tengu skeleton (D:12)
  10 swamp drakes
  19 orc warriors
  A yellow wasp (Swamp:2)
  A swamp dragon zombie (Swamp:5)
  A necrophage (D:13)
  2 ogres (Vaults:1)
  7 crocodiles
  4 giant frogs
  A komodo dragon skeleton (D:10)
  13 insubstantial wisps
  15 killer bees
  A cyclops skeleton (D:14)
  2 wights (D:10)
  An iron imp (D:14)
  A hound (Lair:2)
  14 orc priests
  4 orc wizards
  2 iguanas
  4 sheep (Lair:6)
  2 bog body skeletons (Swamp:5)
  11 green rats
  2 adders
  An ufetubus (D:14)
  2 worms (Lair:1)
  48 orcs
  2 goblins
  3 hobgoblins
  3 orc zombies
  13 ballistomycetes (D:11)
  A crawling corpse (Swamp:2)
  8 fungi
  2 plants
529 creatures vanquished.

Vanquished Creatures (others)
  15 large abominations
  An anaconda skeleton (Snake:2)
  4 centaur skeletons
  A shock serpent skeleton (Snake:2)
  A hydra skeleton (D:14)
  A catoblepas skeleton (D:13)
  3 alligator skeletons
  A shadow (Swamp:3)
  A griffon skeleton (Vaults:1)
  3 black mamba skeletons (Snake:1)
  4 raven skeletons
  5 hill giant skeletons
  A hippogriff (D:13)
  7 small abominations
  A tengu skeleton (D:15)
  4 spiny frog skeletons
  A baby alligator skeleton (Swamp:2)
  A sky beast (D:15)
  15 naga skeletons
  5 swamp dragon skeletons
  A komodo dragon skeleton (D:13)
  2 human skeletons (Vaults:1)
  5 yaktaur skeletons (Vaults:1)
  2 salamander skeletons (Snake:2)
  A wyvern skeleton (D:14)
  5 water moccasin skeletons (Snake:2)
  A cyclops skeleton (D:13)
  2 yak skeletons (D:14)
  A hippogriff skeleton (D:14)
  A giant frog skeleton (Swamp:5)
  4 elf skeletons
  2 big kobold skeletons
  3 crocodile skeletons
  7 ogre skeletons
  A mummy (Ossuary)
  5 swamp drake skeletons
  An electric eel skeleton (D:14)
  An orc (Orc:4)
  4 gnoll zombies (Ossuary)
  A giant gecko skeleton (D:15)
  3 giant spores
  A gnoll skeleton (Ossuary)
  A goblin zombie (Ossuary)
  2 hobgoblin skeletons (Ossuary)
  A hobgoblin zombie (Ossuary)
  9 kobold skeletons
  4 kobold zombies (Ossuary)
  5 orc skeletons
  An orc zombie (Ossuary)
  2 rat skeletons (Ossuary)
  2 rat zombies (Ossuary)
  13 crawling corpses
  12 fungi
  2 macabre masses
  6 plants
189 creatures vanquished.

Grand Total: 1787 creatures vanquished

Notes
Turn   | Place    | Note
--------------------------------------------------------------
     0 | D:1      | Kashira, the Felid Ice Elementalist, began the quest for the Orb.
     0 | D:1      | Reached XP level 1. HP: 7/7 MP: 4/4
   387 | D:1      | Reached skill level 3 in Ice Magic
   404 | D:1      | Reached XP level 2. HP: 11/11 MP: 1/5
   448 | D:1      | Learned a level 2 spell: Throw Frost
  1835 | D:2      | Reached XP level 3. HP: 14/14 MP: 0/8
  2438 | D:2      | Reached XP level 4. HP: 18/18 MP: 0/11
  2644 | D:2      | Learned a level 3 spell: Ozocubu's Armour
  3164 | D:3      | Noticed Sigmund
  3424 | D:2      | Reached skill level 4 in Ice Magic
  3909 | D:3      | Reached XP level 5. HP: 21/21 MP: 8/14
  4408 | D:3      | Noticed Terence
  4418 | D:3      | Killed Terence
  4548 | D:3      | Reached skill level 1 in Conjurations
  4719 | D:4      | Noticed an ogre
  4726 | D:4      | Killed an ogre
  4726 | D:4      | Gained mutation: You are covered in thick fur (AC +2). [growing up]
  4726 | D:4      | Gained mutation: You can jump attack at a medium distance. [growing up]
  4726 | D:4      | Reached XP level 6. HP: 24/24 MP: 2/18
  4819 | D:4      | Noticed a phantom
  4950 | D:4      | Found a sand-covered staircase.
  4955 | Ossuary  | Entered an ossuary
  4984 | Ossuary  | Learned a level 4 spell: Condensation Shield
  6263 | Ossuary  | Noticed Menkaure
  6317 | Ossuary  | Killed Menkaure
  6776 | Ossuary  | Reached skill level 5 in Ice Magic
  7556 | D:4      | Found a glowing golden altar of the Shining One.
  7560 | D:4      | Reached skill level 1 in Charms
  8098 | D:4      | Reached XP level 7. HP: 21/27 MP: 13/20
  8185 | D:4      | Learned a level 4 spell: Throw Icicle
  9407 | D:4      | Reached skill level 5 in Spellcasting
  9622 | D:4      | Found Ripiynad's Weapon Shop.
  9625 | D:4      | Noticed Eustachio
  9634 | D:4      | Killed Eustachio
  9821 | D:5      | Entered Level 5 of the Dungeon
  9839 | D:5      | Reached skill level 6 in Ice Magic
 10028 | D:5      | Found a staircase to the Ecumenical Temple.
 10041 | Temple   | Entered the Ecumenical Temple
 10149 | Temple   | Became a worshipper of Kikubaaqudgha
 11235 | D:5      | Reached XP level 8. HP: 24/27 MP: 19/22
 12019 | D:5      | Reached skill level 5 in Dodging
 12222 | D:6      | Reached skill level 7 in Ice Magic
 12279 | D:6      | Found Niysi's Food Shop.
 13838 | D:6      | Reached skill level 8 in Ice Magic
 14167 | D:6      | Found an opulent altar of Gozag.
 14168 | D:6      | Found a shattered altar of Ashenzari.
 14173 | D:6      | Reached XP level 9. HP: 30/30 MP: 2/24
 14436 | D:7      | Acquired Kikubaaqudgha's first power
 14436 | D:7      | Received a gift from Kikubaaqudgha
 14437 | D:7      | Identified Kikubaaqudgha's Collected Works on Dark Rituals (Kikubaaqudgha gifted it to you on level 7 of the Dungeon)
 14761 | D:7      | Learned a level 4 spell: Control Undead
 15092 | D:7      | Reached skill level 5 in Conjurations
 15428 | D:7      | Reached skill level 9 in Ice Magic
 16357 | D:7      | Found a deep blue altar of Sif Muna.
 16543 | D:8      | Found a staircase to the Lair.
 17007 | D:8      | Acquired Kikubaaqudgha's second power
 17582 | D:8      | Reached XP level 10. HP: 33/33 MP: 10/25
 18692 | D:8      | Reached skill level 5 in Necromancy
 20265 | D:10     | Entered Level 10 of the Dungeon
 20350 | D:10     | Found a staircase to the Orcish Mines.
 20917 | D:10     | Received a gift from Kikubaaqudgha
 20918 | D:10     | Identified Kikubaaqudgha's Tome of Darkness (Kikubaaqudgha gifted it to you on level 10 of the Dungeon)
 22115 | D:10     | Noticed a hill giant
 22137 | D:10     | Killed a hill giant
 22444 | D:10     | Noticed a hill giant
 22471 | D:10     | Killed a hill giant
 22506 | D:10     | Learned a level 5 spell: Twisted Resurrection
 23085 | D:10     | Found a blossoming altar of Fedhas.
 23090 | D:10     | Reached XP level 11. HP: 36/36 MP: 12/29
 23447 | Orc:1    | Entered Level 1 of the Orcish Mines
 23615 | D:10     | Noticed a large abomination
 24906 | Orc:2    | Noticed Fannar
 24931 | Orc:2    | Killed Fannar
 25266 | Orc:3    | Acquired Kikubaaqudgha's third power
 25305 | Orc:3    | Noticed a large abomination
 25881 | Orc:3    | Noticed a large abomination
 25964 | Orc:3    | Noticed an orc high priest
 25987 | Orc:3    | Killed an orc high priest
 26050 | Orc:3    | Gained mutation: You are clumsy. (Dex -2) [potion of mutation]
 26050 | Orc:3    | Gained mutation: Your body is misshapen. [potion of mutation]
 26050 | Orc:3    | Gained mutation: You are frail (-10% HP). [potion of mutation]
 26341 | Orc:3    | Found a staircase to the Elven Halls.
 26628 | Orc:3    | Noticed a large abomination
 27102 | Orc:4    | Entered Level 4 of the Orcish Mines
 27102 | Orc:4    | Noticed an orc warlord
 27108 | Orc:3    | Killed by miscasting Twisted Resurrection
 27109 | Orc:3    | Reached XP level 10. HP: -10/29 MP: 17/28
 27394 | Orc:4    | a large abomination (ally) was killed
 27561 | Lair:1   | Entered Level 1 of the Lair of Beasts
 27735 | Lair:1   | Identified a scroll of acquirement
 27736 | Lair:1   | Got a wavering steel ring
 27761 | Lair:1   | Reached skill level 10 in Necromancy
 27832 | Lair:1   | Found a labyrinth entrance.
 27834 | Lair:1   | Noticed a black mamba
 27842 | Lair:1   | Killed a black mamba
 27869 | Lab      | Entered a labyrinth
 28324 | Lab      | Noticed a minotaur
 28335 | Lab      | Killed a minotaur
 28335 | Lab      | Reached skill level 11 in Necromancy
 28345 | Lab      | Identified the ring "Ibulo" {Str+4 Regen} (You acquired it on level 1 of the Lair of Beasts)
 28679 | Lair:1   | Reached XP level 11. HP: 36/36 MP: 23/29
 29318 | Lair:1   | You fall through a shaft!
 29749 | Lair:2   | Found a frozen archway.
 29760 | IceCv    | Entered an ice cave
 29775 | IceCv    | Reached skill level 12 in Necromancy
 30520 | IceCv    | Noticed an ice statue
 30569 | IceCv    | Noticed a frost giant
 30811 | Lair:2   | Acquired Kikubaaqudgha's fourth power
 31227 | Lair:2   | Reached skill level 13 in Necromancy
 32789 | Lair:3   | Reached skill level 1 in Fighting
 32872 | Lair:3   | Gained mutation: You can spit poison. [potion of mutation]
 33004 | Lair:3   | Gained mutation: Your thick and shaggy fur keeps you warm (AC +3, rC+). [growing up]
 33004 | Lair:3   | Gained mutation: You can jump attack at a long distance. [growing up]
 33004 | Lair:3   | Reached XP level 12. HP: 43/43 MP: 17/29
 33139 | Lair:3   | Noticed a five-headed hydra
 33148 | Lair:3   | Killed a five-headed hydra
 33307 | Lair:3   | Noticed a death yak
 33308 | Lair:3   | Noticed a death yak
 33310 | Lair:3   | Noticed a death yak
 33314 | Lair:3   | Killed a death yak
 33319 | Lair:3   | Killed a death yak
 33323 | Lair:3   | Killed a death yak
 33612 | Lair:3   | Reached skill level 5 in Fighting
 33900 | Lair:3   | Noticed an eight-headed hydra
 33909 | Lair:3   | Killed an eight-headed hydra
 34831 | Lair:3   | Found a staircase to the Swamp.
 35236 | Lair:3   | Noticed an eight-headed hydra
 35255 | Lair:3   | Killed an eight-headed hydra
 35537 | Lair:4   | Found a staircase to the Swamp.
 37228 | Lair:4   | Reached skill level 10 in Dodging
 38599 | Lair:6   | Noticed a five-headed hydra
 38609 | Lair:6   | Killed a five-headed hydra
 39464 | Lair:6   | Reached XP level 13. HP: 32/51 MP: 5/31
 39704 | Lair:6   | Found a staircase to the Snake Pit.
 39921 | Lair:6   | Found a staircase to the Slime Pits.
 41012 | Lair:7   | Noticed Maud
 41024 | Lair:7   | Killed Maud
 41180 | Lair:7   | Learned a level 5 spell: Bolt of Draining
 42233 | Lair:7   | Noticed Conn321's ghost (powerful GrFE)
 42380 | Lair:7   | Killed Conn321's ghost
 42720 | Lair:8   | Entered Level 8 of the Lair of Beasts
 42920 | Lair:8   | Reached skill level 10 in Spellcasting
 43147 | Lair:8   | Found an opulent altar of Gozag.
 43591 | Lair:8   | Got a smoking lapis lazuli ring
 43735 | Lair:8   | Identified the ring of Xusuckul {AC+6 Stlth+} (You found it on level 8 of the Lair of Beasts)
 45169 | Lair:8   | a large abomination (ally) was killed
 45492 | Lair:8   | Reached XP level 14. HP: 54/54 MP: 8/35
 46756 | Orc:4    | a large abomination (ally) was killed
 47534 | Orc:4    | a large abomination (ally) was killed
 47538 | Orc:4    | Killed an orc warlord
 47889 | Orc:4    | Found a shimmering altar of Xom.
 48731 | Orc:4    | Found Ciessis' General Store.
 48834 | Orc:4    | Bought a scroll of identify for 28 gold pieces
 49011 | Orc:4    | Noticed Snorg
 49018 | Orc:4    | Killed Snorg
 49516 | Orc:4    | Noticed an orc high priest
 49520 | Orc:4    | Killed an orc high priest
 49552 | Orc:4    | Noticed an orc high priest
 49564 | Orc:4    | Killed an orc high priest
 50113 | Orc:4    | Noticed an orc high priest
 50119 | Orc:4    | Killed an orc high priest
 50125 | Orc:4    | Noticed an orc high priest
 50126 | Orc:4    | Noticed an orc high priest
 50131 | Orc:4    | Killed an orc high priest
 50133 | Orc:4    | Killed an orc high priest
 50242 | Orc:4    | Found Nymet's Gadget Emporium.
 50242 | Orc:4    | Found Lobo's Distillery.
 50242 | Orc:4    | Found Ployrgh's Magic Scroll Shoppe.
 50242 | Orc:4    | Found Lezxium's General Store.
 50250 | Orc:4    | Bought a scroll of identify for 32 gold pieces
 50250 | Orc:4    | Bought a scroll of fog for 32 gold pieces
 50250 | Orc:4    | Bought a potion of curing for 32 gold pieces
 50250 | Orc:4    | Bought a potion of curing for 32 gold pieces
 50252 | Orc:4    | Bought a potion of magic for 82 gold pieces
 50252 | Orc:4    | Bought a potion of curing for 30 gold pieces
 50252 | Orc:4    | Bought a potion of berserk rage for 45 gold pieces
 50252 | Orc:4    | Bought a potion of curing for 30 gold pieces
 50256 | Orc:4    | Bought a scroll of vulnerability for 75 gold pieces
 50256 | Orc:4    | Bought a scroll of summoning for 95 gold pieces
 50256 | Orc:4    | Bought a scroll of brand weapon for 200 gold pieces
 50256 | Orc:4    | Bought a scroll of magic mapping for 35 gold pieces
 50256 | Orc:4    | Bought a scroll of identify for 20 gold pieces
 50256 | Orc:4    | Bought a scroll of amnesia for 35 gold pieces
 50659 | D:11     | Found a staircase to the Orcish Mines.
 50703 | D:11     | the staircase to the Orcish Mines was a mimic.
 51277 | Temple   | Received a gift from Kikubaaqudgha
 51482 | Lair:2   | Learned a level 6 spell: Simulacrum
 51484 | Lair:2   | Learned a level 1 spell: Animate Skeleton
 54168 | D:13     | Found Ziela's Jewellery Shoppe.
 54209 | D:13     | Found a gate to the Vaults.
 54244 | D:13     | Mangled by a vault guard
 54245 | D:13     | Reached XP level 13. HP: -10/52 MP: 0/36
 54245 | D:13     | Found a flickering gateway to a bazaar.
 54255 | Bazaar   | Entered a bazaar
 54287 | Bazaar   | Found Dotwynt's Gadget Shoppe.
 54287 | Bazaar   | Found Qifuok's Armour Emporium.
 54309 | Bazaar   | Found Ywo Zuux's Book Shoppe.
 54309 | Bazaar   | Found Styecvy's Antique Armour Emporium.
 54353 | Bazaar   | Bought a lantern of shadows for 220 gold pieces
 54368 | Bazaar   | Bought a Young Poisoner's Handbook for 480 gold pieces
 54389 | Bazaar   | Learned a level 3 spell: Mephitic Cloud
 54505 | D:13     | Reached XP level 14. HP: 56/56 MP: 11/36
 54845 | Swamp:1  | Entered Level 1 of the Swamp
 54845 | Swamp:1  | Noticed Sonja
 54923 | Snake:1  | Entered Level 1 of the Snake Pit
 55435 | Lair:4   | the staircase to the Swamp was a mimic.
 55606 | Swamp:1  | Killed Sonja
 56678 | Swamp:1  | Reached skill level 14 in Dodging
 58475 | Swamp:2  | Noticed Aizul
 58483 | Swamp:2  | Killed Aizul
 59271 | Swamp:3  | Upgraded the game from 0.16-a0-787-g31dbbe7 to 0.16-a0-791-gf1c67de
 59573 | Swamp:3  | Noticed a thorn hunter
 59638 | Swamp:3  | Killed a thorn hunter
 59638 | Swamp:3  | Reached skill level 15 in Spellcasting
 59848 | Swamp:3  | Got a glittering ivory ring
 59850 | Swamp:3  | Identified the ring "Datsyal" {MR+ Int+1 Stlth+} (You found it on level 3 of the Swamp)
 60649 | Swamp:4  | Noticed Asterion
 60657 | Swamp:3  | Killed Asterion
 61004 | Swamp:4  | Noticed Frances
 61158 | Swamp:4  | Noticed a thorn hunter
 61806 | Swamp:4  | Killed Frances
 61971 | Swamp:4  | Killed a thorn hunter
 61995 | Swamp:4  | Noticed Donald
 62003 | Swamp:4  | Killed Donald
 62007 | Swamp:4  | Reached XP level 15. HP: 55/57 MP: 27/38
 62334 | Swamp:4  | Got a steaming ivory ring
 62336 | Swamp:4  | Identified the ring "Biumel" {Fire rElec} (You acquired it on level 4 of the Swamp)
 62403 | Swamp:5  | Entered Level 5 of the Swamp
 62508 | Swamp:5  | Reached skill level 16 in Spellcasting
 62514 | Swamp:5  | Noticed the 27-headed Lernaean hydra
 63121 | Swamp:5  | Noticed Saint Roka
 63354 | Swamp:4  | Killed Saint Roka
 63755 | Swamp:5  | Killed the 27-headed Lernaean hydra
 63829 | Swamp:5  | Got a decaying rune of Zot
 64459 | Swamp:5  | Noticed a thorn hunter
 64461 | Swamp:5  | Killed a thorn hunter
 65628 | Snake:1  | Reached skill level 17 in Spellcasting
 66022 | Snake:1  | Noticed a greater naga
 66039 | Snake:1  | Killed a greater naga
 67034 | Snake:2  | Noticed Roxanne
 67562 | Snake:2  | Noticed Vashnia
 67851 | Snake:2  | HP: 2/57 [naga sharpshooter/ bolt[Vashnia] (20)]
 67851 | Snake:2  | Shot with a bolt by a naga sharpshooter
 67852 | Snake:2  | Reached XP level 14. HP: -13/54 MP: 0/39
 68039 | Snake:2  | Shot with an arrow by Vashnia
 68040 | Snake:2  | Reached XP level 13. HP: -11/53 MP: 0/38
 68889 | D:14     | Gained mutation: You have a pair of small antennae on your head. [mutagenic meat]
 68890 | D:14     | Gained mutation: Potions and wands are less effective at restoring your health. [mutagenic meat]
 69192 | D:14     | Reached XP level 14. HP: 47/56 MP: 3/39
 69641 | D:14     | Found an opulent altar of Gozag.
 70257 | D:14     | Learned a level 2 spell: Repel Missiles
 70632 | D:15     | Entered Level 15 of the Dungeon
 70634 | D:15     | Reached skill level 18 in Spellcasting
 70894 | D:15     | Noticed Azrael
 71947 | D:15     | Noticed Nergalle
 71968 | D:14     | Killed Nergalle
 72736 | D:13     | Bought the ring "Wizuer" {rC+ EV+2 Slay+4} for 408 gold pieces
 73244 | D:13     | Found Docvokk's Food Shop.
 73814 | D:13     | Found Twodd's Armour Shop.
 74606 | D:15     | Lost mutation: You are frail (-10% HP). [mutagenic meat]
 74607 | D:15     | Gained mutation: You are partially covered in rough black scales (AC +4, Dex -1). [mutagenic meat]
 74608 | D:15     | Gained mutation: You are partially covered in yellow scales (AC +2). [mutagenic meat]
 74976 | D:15     | Found a staircase to the Depths.
 75693 | Snake:2  | Killed Roxanne
 76453 | Vaults:1 | Entered Level 1 of the Vaults
 76457 | Vaults:1 | Found Urui's Antique Armour Shop.
 76520 | Vaults:1 | Found Isear's Food Shop.
 77279 | Vaults:1 | Reached skill level 19 in Spellcasting
 77347 | Vaults:1 | Found Lotaal's Assorted Antiques.
 77351 | Vaults:1 | Found Gushreot's General Store.
 77355 | Vaults:1 | Bought a scroll of identify for 70 gold pieces
 77355 | Vaults:1 | Bought a scroll of identify for 70 gold pieces
 77355 | Vaults:1 | Bought a yellow potion for 31 gold pieces
 77382 | Vaults:1 | Found Moaz Mnu's Book Shoppe.
 77428 | Vaults:1 | Reached XP level 15. HP: 66/66 MP: 1/40
 78101 | Vaults:1 | Noticed JacquesDerrida's ghost (mighty DsTm)
 78322 | Vaults:1 | Noticed a frost giant
 78330 | Vaults:1 | Killed a frost giant
 78350 | Vaults:1 | Noticed a vault warden
 78372 | Vaults:1 | Killed a vault warden
 78620 | Vaults:1 | Killed JacquesDerrida's ghost
 78694 | Vaults:1 | Gained mutation: Your spells are a little easier to cast, but a little less powerful. [mutagenic meat]
 78695 | Vaults:1 | Gained mutation: Your flesh is cold resistant. [mutagenic meat]
 78696 | Vaults:1 | Lost mutation: Your spells are a little easier to cast, but a little less powerful. [mutagenic meat]
 78705 | Vaults:1 | Gained mutation: You can spit moderately strong poison. [mutagenic meat]
 78706 | Vaults:1 | Gained mutation: Your body is slowly deteriorating. [mutagenic meat]
 78797 | Vaults:1 | Paralysed by a great orb of eyes for 2 turns
 79957 | Vaults:1 | Slain by a shadow wraith

Action                   |  1- 3 |  4- 6 |  7- 9 | 10-12 | 13-15 || total
-------------------------+-------+-------+-------+-------+-------++-------
Melee: Unarmed           |     9 |   165 |    36 |   136 |   325 ||   671
 Cast: Freeze            |    59 |    61 |   159 |   408 |   575 ||  1262
       Throw Frost       |    15 |    55 |   158 |   146 |    56 ||   430
       Ozocubu's Armour  |       |    18 |     3 |    26 |    69 ||   116
       Throw Icicle      |       |       |   125 |   374 |   295 ||   794
       Condensation Shie |       |       |     1 |    26 |    64 ||    91
       Twisted Resurrect |       |       |       |    72 |    81 ||   153
       Bolt of Draining  |       |       |       |       |   568 ||   568
       Animate Skeleton  |       |       |       |       |   121 ||   121
       Simulacrum        |       |       |       |       |   120 ||   120
       Control Undead    |       |       |       |       |     7 ||     7
       Mephitic Cloud    |       |       |       |       |     3 ||     3
       Repel Missiles    |       |       |       |       |     3 ||     3
Invok: Receive Corpses   |       |       |       |     6 |    31 ||    37
       Torment           |       |       |       |     3 |       ||     3
 Abil: Jump Attack       |     9 |     3 |     4 |    12 |    12 ||    40
       Spit Poison       |       |       |       |     7 |   180 ||   187
Evoke: Wand              |       |     8 |    10 |    59 |    17 ||    94
       Lamp of fire      |       |       |       |       |     3 ||     3
  Use: Potion            |     1 |     2 |       |     6 |     6 ||    15
       Scroll            |       |    13 |     4 |    17 |    16 ||    50
 Stab: Sleeping          |       |     2 |       |       |       ||     2
       Paralysed         |       |       |     2 |       |       ||     2
       Distracted        |       |       |       |     1 |     1 ||     2
       Confused          |       |       |       |     1 |       ||     1
  Eat: Chunk             |     8 |     8 |    48 |   104 |   192 ||   360
       Meat ration       |       |     1 |     1 |     2 |       ||     4
       Pizza             |       |       |       |     3 |       ||     3
       Beef jerky        |       |       |       |     2 |     1 ||     3
       Royal jelly       |       |       |       |       |     1 ||     1
